 Dungeon Crawl Stone Soup version 0.29.0-4-gdea44cf6ec (webtiles) character file.

Game seed: 7802667899976874970

156 qw the Chopper (level 5, -2/41 HPs)
             Began as a Formicid Cinder Acolyte on Sept 3, 2022.
             Was a High Priest of Ignis.
             Succumbed to Ijyb's poison
             ... on level 3 of the Dungeon.
             The game lasted 00:01:24 (2733 turns).

qw the Chopper (Formicid Cinder Acolyte)            Turns: 2733, Time: 00:01:24

Health: -2/41      AC: 17    Str: 20    XL:     5   Next: 65%
Magic:  6/6        EV:  5    Int: 14    God:    Ignis [*****.]
Gold:   107        SH:  5    Dex:  9    Spells: 6/6 levels left

rFire   + . .      SeeInvis +   Y - -1 hand axe (flame)
rCold   . . .      Faith    .   (no shield)
rNeg    . . .      Spirit   .   g - +0 plate armour
rPois   .          Reflect  +   (helmet unavailable)
rElec   .          Harm     .   (no cloak)
rCorr   .          Rampage  .   (no gloves)
Will    +....                   (no boots)
Stlth   ..........              j - amulet of reflection
HPRegen 0.13/turn               i - ring of willpower
MPRegen 0.10/turn               (no ring)

@: lethally poisoned (-2 -> -15), fiery-armoured
A: permanent stasis, dig shafts and tunnels, antennae 3, four strong arms,
mutation resistance 1
a: Dig, Shaft Self, Renounce Religion, Fiery Armour, Foxfire Swarm, Rising Flame


You were on level 3 of the Dungeon.
You worshipped Ignis.
Ignis was extremely pleased with you.
You visited 1 branch of the dungeon, and saw 3 of its levels.

You collected 107 gold pieces.


Innate Abilities, Weirdness & Mutations

You cannot be hasted, slowed, berserked, paralysed or teleported.
You can dig through walls and to a lower floor.
You have a pair of large antennae on your head. (SInv)
Your four strong arms can wield two-handed weapons with a shield.
You are somewhat resistant to further mutation.


   Skills:
 - Level 3.2 Fighting
 + Level 5.4 Axes
 - Level 2.0 Armour
 - Level 1.1 Spellcasting
 - Level 3.0 Fire Magic


You had 6 spell levels left.
You didn't know any spells.
Your spell library contained the following spells:

 Spells                   Type           Power      Damage    Failure   Level
 Scorch                   Fire           18%        2d5       98%         2

Inventory:

Hand Weapons
 Y - a -1 hand axe of flaming (weapon)
Missiles
 b - 2 boomerangs (quivered)
Armour
 g - a +0 plate armour (worn)
Jewellery
 i - a ring of willpower (left hand)
 j - an amulet of reflection (around neck)
Scrolls
 f - 3 scrolls of identify {unknown}
 l - a scroll of immolation {unknown}
Potions
 a - a potion of heal wounds {unknown}
 c - a potion of curing {unknown}
 d - a potion of cancellation {unknown}
 e - a potion of lignification {unknown}
 h - a potion of mutation
 k - a potion of ambrosia {unknown}

Dungeon Overview and Level Annotations

Branches:
Dungeon (3/15)

Altars:
The Shining One

Annotations:
D:2 1 runed translucent door, Crazy Yiuf


Message History

Ijyb closely misses you.
You hit Ijyb but do no damage. Ijyb hits you but does no damage.
You are poisoned.
You slash Ijyb! You burn Ijyb.
Ijyb is heavily wounded.
You feel very sick. Ijyb hits you but does no damage.
You are more poisoned.
Ijyb hits you but does no damage.
You are more poisoned.
You closely miss Ijyb.
Ijyb is heavily wounded.
You feel very sick.
Ijyb zaps a wand.
You resist with almost no effort.
You hit Ijyb. You burn Ijyb.
Ijyb is severely wounded.
You feel very sick. Ijyb hits you but does no damage.
You are more poisoned.
You barely miss Ijyb.
Ijyb is severely wounded.
You feel very sick.
Ijyb hits you with a +0 dagger of venom.
2729 ||| INVOKING Fiery Armour.
A protective cloak of flame settles atop you.
You feel very sick. Ijyb hits you but does no damage.
You are more poisoned.
Ijyb is burned by your cloak of flames.
Ijyb is almost dead.
You closely miss Ijyb. You punch Ijyb.
You kill Ijyb!
You feel very sick.
There is a lethal amount of poison in your body!
You feel very sick.
There is a lethal amount of poison in your body!
You feel very sick.
There is a lethal amount of poison in your body!
You die...

#.# #.# #.#
#######.######
.............#
#######.####.# #
####.# #.#.#
.#######....####.#.#
......)@...........#
....####.#######.#.#
. ...# #....# #.###
###....#### #.
#####..........
#.##..............#
.....###.......##.#
.....##........# # .
#.#.....%...#


There were no monsters in sight!

Vanquished Creatures
  An orc priest (D:3)
  Ijyb (D:3)
  Terence (D:2)
  2 adders
  A worm (D:2)
  4 dart slugs
  4 orcs (D:3)
  3 ball pythons
  2 bats
  2 endoplasms (D:2)
  3 giant cockroaches
  3 goblins
  4 hobgoblins
  3 jackals (D:1)
  5 frilled lizards
  4 kobolds
  4 rats
47 creatures vanquished.

Notes
Turn   | Place    | Note
-------+----------+-------------------------------------------
     0 | D:1      | qw the Formicid Cinder Acolyte began the quest for the Orb.
     0 | D:1      | Reached XP level 1. HP: 18/18 MP: 2/2
     0 | D:1      | 0 ||| qw: Version: 0.1-a-102-g441f92d
     0 | D:1      | 0 ||| qw: Game counter: 5180
     0 | D:1      | 0 ||| qw: Always use a shield: true
     0 | D:1      | 0 ||| qw: God list: Okawaru
     0 | D:1      | 0 ||| qw: Allow faded altars: false
     0 | D:1      | 0 ||| qw: Do Orc after D:15 true
     0 | D:1      | 0 ||| qw: Do second Lair branch before Depths: true
     0 | D:1      | 0 ||| qw: Lair rune preference: random
     0 | D:1      | 0 ||| qw: Plans: Normal
     0 | D:1      | 0 ||| PLANNING D:1-11
   325 | D:1      | Reached XP level 2. HP: 24/24 MP: 3/3
  1107 | D:1      | 1107 ||| UPGRADING to +0 plate armour.
  1117 | D:1      | 1117 ||| DROPPING +0 robe.
  1118 | D:1      | 1118 ||| UPGRADING to amulet of the acrobat.
  1123 | D:1      | 1123 ||| UPGRADING to ring of willpower.
  1124 | D:1      | 1124 ||| READING scroll labelled DIOL OSYNEED.
  1153 | D:2      | 1153 ||| Stepping ~*~*~tactically~*~*~ (hiding).
  1168 | D:2      | Reached XP level 3. HP: 29/29 MP: 4/4
  1179 | D:2      | Reached skill level 1 in Armour
  1266 | D:2      | Noticed Terence
  1275 | D:2      | 1275 ||| INVOKING Fiery Armour.
  1277 | D:2      | HP: 5/29 [Terence/+0 falchion (5)]
  1283 | D:2      | HP: 5/29 [Terence/+0 falchion (1)]
  1284 | D:2      | HP: 1/29 [Terence/+0 falchion (4)]
  1285 | D:2      | Killed Terence
  1286 | D:2      | Reached skill level 4 in Axes
  1286 | D:2      | Reached XP level 4. HP: 2/35 MP: 5/5
  1388 | D:2      | 1388 ||| INVOKING Fiery Armour.
  1665 | D:2      | Found a glowing golden altar of the Shining One.
  1732 | D:2      | 1732 ||| Stepping ~*~*~tactically~*~*~ (stealth).
  1874 | D:2      | Identified the +2 leather armour "Loeza" {rF+}
  2112 | D:2      | Found a faded altar of an unknown god.
  2282 | D:2      | Found a runed translucent door.
  2283 | D:2      | Noticed Crazy Yiuf
  2438 | D:2      | 2438 ||| UPGRADING to amulet of reflection.
  2448 | D:2      | 2448 ||| DROPPING amulet of the acrobat.
  2449 | D:2      | 2449 ||| DROPPING amulet of regeneration.
  2450 | D:2      | 2450 ||| READING scroll labelled TUHEXI GEMUTEO.
  2451 | D:2      | 2451 ||| DRINKING 3 sedimented ruby potions.
  2452 | D:2      | 2452 ||| DRINKING 2 glowing silvery potions.
  2452 | D:2      | Gained mutation: You are somewhat resistant to further
                  | mutation. [potion of mutation]
  2453 | D:2      | 2453 ||| DROPPING 2 potions of brilliance.
  2625 | D:3      | 2625 ||| Stepping ~*~*~tactically~*~*~ (stealth).
  2626 | D:3      | 2626 ||| Stepping ~*~*~tactically~*~*~ (stealth).
  2628 | D:3      | 2628 ||| Stepping ~*~*~tactically~*~*~ (stealth).
  2632 | D:3      | 2632 ||| Stepping ~*~*~tactically~*~*~ (hiding).
  2642 | D:3      | Reached skill level 5 in Axes
  2642 | D:3      | Reached XP level 5. HP: 41/41 MP: 6/6
  2716 | D:3      | Noticed Ijyb
  2729 | D:3      | 2729 ||| INVOKING Fiery Armour.
  2730 | D:3      | Killed Ijyb
  2730 | D:3      | HP: 8/41 [poisoned by Ijyb]
  2731 | D:3      | HP: 3/41 [poisoned by Ijyb]
  2732 | D:3      | HP: 1/41 [poisoned by Ijyb]
  2733 | D:3      | Succumbed to Ijyb's poison

Levels and vault maps discovered:
D:1:      psy_arrival_basics, layout_loops_cross
D:2:      layout_loops_ring, basic_altar, ebering_ecumenical_altar_webs,
          dreamdust_princess_bridge, uniq_crazy_yiuf_cottage, uniq_terence
D:3:      layout_loops_ring, bloody_makhleb, uniq_jessica, uniq_ijyb

Skill      XL: |  1  2  3  4 |
---------------+-------------+-----
Armour         | 1 2 |  2.0
Axes           | 4 5 |  5.4
Fighting       | |  3.2
Spellcasting   | |  1.1
Fire Magic     | |  3.0

Action                   |  1- 3 |  4- 6 || total
-------------------------+-------+-------++-------
Melee: Hand axe          |    90 |   105 ||   195
       Punch             |     1 |     2 ||     3
Throw: Boomerang         |       |     8 ||     8
Invok: Fiery Armour      |     1 |     2 ||     3
  Use: Scroll            |     1 |     1 ||     2
       Potion            |       |     2 ||     2
Armor: Robe              |    12 |       ||    12
       Plate armour      |    20 |    67 ||    87
Dodge: Dodged            |    47 |    19 ||    66
Block: Other             |       |    13 ||    13
       Reflection        |       |     3 ||     3

Table legend:
 A = Non-vault XP
 B = Vault XP
 C = Vault XP percentage of total XP
 D = Non-vault monster count
 E = Vault monster count
 F = Vault count percentage of total count
                 A         B        C        D         E       F
            +---------+---------+-------+---------+---------+-------
      Total |     152 |      72 |  32.1 |      45 |       2 |   4.3
            +---------+---------+-------+---------+---------+-------
        D:1 |      26 |       0 |   0.0 |      15 |       0 |   0.0
        D:2 |      49 |      36 |  42.4 |      19 |       1 |   5.0
        D:3 |      77 |      36 |  31.9 |      11 |       1 |   8.3
            +---------+---------+-------+---------+---------+-------
